 Dungeon Crawl Stone Soup version 0.18-a0-1147-g8e8348b (webtiles) character file.

22 RedPan the Conjurer (level 2, -5/20 HPs)
             Began as a Draconian Conjurer on Jan 22, 2016.
             Killed from afar by a white imp (8 damage)
             ... with a puff of frost
             ... summoned by Natasha
             ... on level 2 of the Dungeon.
             The game lasted 00:02:51 (926 turns).

RedPan the Conjurer (Draconian Conjurer)             Turns: 926, Time: 00:02:52

Health: -5/20      AC:  4    Str: 10    XL:     2   Next: 68%
Magic:  3/6        EV: 12    Int: 15    God:
Gold:   162        SH:  0    Dex: 11    Spells: 1 memorised, 6 levels left

rFire  + . .     SeeInvis .     d - -2 dagger (curse)
rCold  . . .     Gourm    .     (armour unavailable)
rNeg   . . .     Faith    .     (no shield)
rPois  .         Spirit   .     (helmet restricted)
rElec  .         Dismiss  .     (no cloak)
rCorr  .         Reflect  .     (no gloves)
SustAt .         Harm     .     (no boots)
MR     .....                    (no amulet)
Stlth  ++........               (no ring)
                                e - ring of protection from fire

@: not resistant to hostile enchantments, unstealthy
A: unfitting armour, cold-blooded, AC +4
a: no special abilities


You were on level 2 of the Dungeon.
You were not hungry.

You visited 1 branch of the dungeon, and saw 2 of its levels.

You collected 162 gold pieces.

Inventory:

Hand Weapons
 d - a cursed -2 dagger (weapon)
Jewellery
 e - a ring of protection from fire (left hand)
Potions
 f - a potion of invisibility {unknown}
 h - a potion of brilliance {unknown}
 i - a potion of ambrosia {unknown}
Books
 a - a book of Conjurations

   Spells                             Type                      Level
   a - Magic Dart                     Conjuration                  1
   b - Searing Ray                    Conjuration                  2
   c - Dazzling Spray                 Conjuration/Hexes            3
   d - Fulminant Prism                Conjuration/Hexes            4
   e - Iskenderun's Mystic Blast      Conjuration                  4
   f - Iskenderun's Battlesphere      Conjuration/Charms           5
Comestibles
 b - 2 bread rations
 c - a slice of pizza


   Skills:
 - Level 1.7 Dodging
 - Level 1.7 Stealth
 + Level 3.1 Spellcasting
 - Level 4.0 Conjurations


You had 6 spell levels left.
You knew the following spells:

 Your Spells              Type           Power        Failure   Level  Hunger
a - Magic Dart            Conj           ##..         4%          1    #......


Dungeon Overview and Level Annotations

Branches:
Dungeon (2/15)

Altars:
Pakellas

Annotations:
D:2 Natasha


Innate Abilities, Weirdness & Mutations

Your plain brown scales are hard (AC +4).
Your body does not fit into most forms of armour.
You are cold-blooded and may be slowed by cold attacks.


Message History

Press: ? - help, Shift-Dir - straight line, f - Natasha
Aim: Natasha The magic dart hits Natasha.
Natasha is moderately wounded.
The white imp shouts, "Scamper hence, thou skyhacking nut-hook deadneck!"
Natasha stares at you and mumbles some strange words.
You resist with significant effort.
The white imp picks up a beetle and eats it.
Casting: Magic Dart
Confirm with . or Enter, or press ? or * to list all spells.
Aiming: Magic Dart
Press: ? - help, Shift-Dir - straight line, f/p - Natasha
Aim: Natasha (moderately wounded)
The magic dart hits Natasha.
Natasha is heavily wounded.
Natasha claws you!
* * * LOW HITPOINT WARNING * * *
The white imp gestures at you. The puff of frost hits you!
You die...

... . ..# #.# .$#
..... #.# ..... #.#
#..########.## #
#........##..##..##
##.#...@....%......
#...###h5#.###.?##
#..#...#.5.#
#.###_###..#
####..#...#.....
##.###..###....###
##.#.###.....##.#
######.###.....#####.#
.>(.)...#.####.# #(#


You could see Natasha and 2 white imps.

Vanquished Creatures
  2 giant geckos
  A ball python (D:1)
  A giant cockroach (D:1)
  3 goblins
  2 hobgoblins (D:1)
  2 bats (D:1)
  3 giant newts (D:1)
  3 kobolds (D:1)
  2 rats (D:1)
  A fungus (D:1)
20 creatures vanquished.

Notes
Turn   | Place    | Note
--------------------------------------------------------------
     0 | D:1      | RedPan the Draconian Conjurer began the quest for the Orb.
     0 | D:1      | Reached XP level 1. HP: 14/14 MP: 3/3
   220 | D:1      | Reached XP level 2. HP: 14/20 MP: 3/5
   898 | D:2      | Found an oddly glowing altar of Pakellas.
   919 | D:2      | Noticed Natasha
   926 | D:2      | Killed from afar by a white imp

Vault maps used:
D:1:      minmay_arrival_up_and_down, minmay_gold_behind_fungi
D:2:      first_bread, kennysheep_nub, grunt_pakellas_salt, uniq_natasha,
          uniq_crazy_yiuf_cottage

Action                   || total
-------------------------++-------
Melee: Dagger            ||    82
       Unarmed           ||     9
 Cast: Magic Dart        ||    21
